 Dungeon Crawl Stone Soup version 0.17-a0-1373-g64d4c99 (webtiles) character file.

1647 Baka the Transmogrifier (level 8, -4/68 HPs)
             Began as a Troll Transmuter on June 13, 2015.
             Slain by an orc warrior (9 damage)
             ... in a bailey.
             The game lasted 00:11:09 (5138 turns).

Baka the Transmogrifier (Troll Transmuter)          Turns: 5138, Time: 00:11:10

Health: -4/68      AC:  6    Str: 19    XL:     8   Next: 67%
Magic:  8/8        EV:  9    Int: 11    God:
Gold:   156        SH:  0    Dex: 10    Spells: 2 memorised, 3 levels left

rFire  + . .     SeeInvis .       - Unarmed
rCold  . . .     Clarity  .     b - +0 robe
rNeg   . . .     SustAt   +     (no shield)
rPois  .         Gourm    +     (helmet restricted)
rElec  .         Spirit   .     y - +0 cloak
rCorr  .         Warding  .     (gloves unavailable)
rMut   .         Stasis   .     (boots unavailable)
MR     .....                    (no amulet)
Stlth  +.........               j - ring of sustain attributes
                                x - ring of protection from fire

@: appendage, drained, not resistant to hostile enchantments, very unstealthy
A: unfitting armour, claws 3, talons 3, fast metabolism 3, gourmand,
regeneration 2, shaggy fur 1, tough skin 2
a: End Transformation


You were in a bailey.
You were not hungry.
You had grown temporary talons.
You visited 2 branches of the dungeon, and saw 8 of its levels.
You also visited: Bailey.

You collected 304 gold pieces.
You spent 148 gold pieces at shops.

Inventory:

Hand weapons
 u - a +0 spear
Missiles
 a - 58 arrows
Armour
 b - a +0 robe (worn)
 y - a +0 cloak (worn)
Jewellery
 j - a ring of sustain attributes (right claw)
 x - a ring of protection from fire (left claw)
Scrolls
 e - 2 scrolls of noise {unknown}
 f - 2 scrolls of enchant armour {unknown}
 k - 2 scrolls of remove curse {unknown}
 p - 4 scrolls of amnesia {unknown}
 q - 5 scrolls of identify {unknown}
 s - a scroll of enchant weapon {unknown}
 t - 2 scrolls of random uselessness {unknown}
 v - a scroll of teleportation {unknown}
 z - a scroll of magic mapping
Potions
 g - a potion of berserk rage {unknown}
 h - a potion of lignification {unknown}
 i - a potion of magic {unknown}
 l - 2 potions of cure mutation {unknown}
 m - 2 potions of poison {unknown}
 n - a potion of cancellation {unknown}
 o - a potion of haste {unknown}
 r - a potion of ambrosia {unknown}
 w - a potion of degeneration {unknown}
Books
 c - a book of Changes

   Spells                             Type                      Level
   a - Beastly Appendage              Transmutation                1
   b - Sticks to Snakes               Transmutation                2
   c - Spider Form                    Transmutation/Poison         3
   d - Ice Form                       Ice/Transmutation            4
   e - Blade Hands                    Transmutation                5
Comestibles
 d - 3 bread rations


   Skills:
 - Level 0.7(0.4) Fighting
 - Level 1.5(1.3) Dodging
 + Level 4.3(4.0) Unarmed Combat
 - Level 1.2(0.9) Spellcasting
 * Level 8.3(8.0) Transmutations


You had 3 spell levels left.
You knew the following spells:

 Your Spells              Type           Power        Failure   Level  Hunger
a - Beastly Appendage     Trmt           ###...       1%          1    ##.....
b - Blade Hands           Trmt           ###.......   38%         5    ######.


Dungeon Overview and Level Annotations

Branches:
Dungeon (7/15)             Temple (1/1) D:4

Altars:
Ashenzari
Dithmenos
Fedhas
Gozag
Kikubaaqudgha
Makhleb
Okawaru
Ru
Sif Muna
Trog
Vehumet
Xom
Yredelemnul
Zin
The Shining One

Shops:
D:5 [


Innate Abilities, Weirdness & Mutations

You are too large for most types of armour.
You have claws for hands.
Your metabolism is lightning-fast.
You like to eat raw meat.
You heal very quickly.
You are covered in fur (AC +1).
You have very tough skin (AC +2).
You have claws for feet.


Message History

The orc warrior shoots a bolt.
The bolt hits you!
You see here a bolt.
The orc warrior shouts!
The orc warrior shoots a bolt.
The bolt closely misses you.
You see here a bolt.
The orc warrior shoots a bolt.
The bolt hits you!!
You see here a bolt.
The orc warrior shoots a bolt.
The bolt hits you!
* * * LOW HITPOINT WARNING * * *
The orc warrior unwields an uncursed arbalest.
The orc warrior hits you!
* * * LOW HITPOINT WARNING * * *
The orc disappears!
You see here a bolt.
Drink which item? (? for menu, Esc to quit)
Okay, then.
You closely miss the orc warrior.
You claw the orc warrior, but do no damage.
The orc warrior hits you!
You die...

........................
.........(..............
..........(..(..........
...........(............
≈≈≈.................≈≈≈≈
o#≈≈...............≈≈#o#
.##≈......(........ #
^oo≈.....(......... o
#≈...@(.......... #
#≈≈..o...###......
≈≈≈....#### ###...
......# #.. .....# .....
.... ....


You could see 3 orc warriors.

Vanquished Creatures
  The ghost of bal the Ducker, an experienced TrTm (D:5)
  An ice beast (D:6)
  A sky beast (D:6)
  A phantom (D:3)
  2 giant frogs
  A centaur (D:4)
  3 wights (D:6)
  2 scorpions
  An electric eel (D:6)
  A crimson imp (D:5)
  A giant frog zombie (D:5)
  2 jellies (D:5)
  A giant frog skeleton (D:4)
  An orc priest (D:5)
  2 orc wizards (D:5)
  7 worker ants
  9 adders
  A shadow imp (D:5)
  An adder skeleton (D:4)
  2 worms
  3 giant geckos
  6 orcs
  A ball python (D:4)
  9 bats
  A bat skeleton (D:4)
  8 giant cockroaches
  11 hobgoblins
  7 jackals
  4 quokkas
  8 giant newts
  7 goblins
  11 kobolds
  7 rats
124 creatures vanquished.

Vanquished Creatures (others)
  A bush (D:4)
1 creature vanquished.

Grand Total: 125 creatures vanquished

Notes
Turn   | Place    | Note
--------------------------------------------------------------
     0 | D:1      | Baka the Troll Transmuter began the quest for the Orb.
     0 | D:1      | Reached XP level 1. HP: 18/18 MP: 1/1
   343 | D:1      | Reached XP level 2. HP: 24/26 MP: 0/2
   634 | D:2      | Reached XP level 3. HP: 20/32 MP: 3/3
  1118 | D:3      | Found a deep blue altar of Sif Muna.
  1473 | D:3      | Noticed a phantom
  1507 | D:3      | Killed a phantom
  1507 | D:3      | Reached skill level 4 in Transmutations
  1507 | D:3      | Reached XP level 4. HP: 18/40 MP: 4/4
  1507 | D:3      | Reached XP level 5. HP: 20/46 MP: 5/5
  1514 | D:3      | Learned a level 5 spell: Blade Hands
  1933 | D:4      | Found a staircase to the Ecumenical Temple.
  1949 | Temple   | Entered the Ecumenical Temple
  2109 | D:4      | Found a glowing golden altar of the Shining One.
  2110 | D:4      | Found a shadowy altar of Dithmenos.
  2611 | D:4      | Found a blossoming altar of Fedhas.
  2611 | D:4      | Noticed a centaur
  2670 | D:4      | Killed a centaur
  2670 | D:4      | Reached skill level 5 in Transmutations
  2670 | D:4      | Reached XP level 6. HP: 49/54 MP: 4/6
  2892 | D:4      | Found a shattered altar of Ashenzari.
  2892 | D:4      | Found a sacrificial altar of Ru.
  2970 | D:5      | Entered Level 5 of the Dungeon
  3220 | D:5      | Reached XP level 7. HP: 57/61 MP: 7/7
  3252 | D:5      | Noticed bal's ghost (experienced TrTm)
  3288 | D:5      | Killed bal's ghost
  3288 | D:5      | Reached skill level 6 in Transmutations
  3351 | D:5      | Reached skill level 7 in Transmutations
  3483 | D:5      | Reached XP level 8. HP: 11/68 MP: 6/8
  3629 | D:5      | Found Ikkoz's Antique Armour Shoppe.
  3639 | D:5      | Bought a cloak for 148 gold pieces
  3665 | D:5      | Found a glowing silver altar of Zin.
  4629 | D:6      | Reached skill level 8 in Transmutations
  4890 | D:7      | Found a shimmering altar of Xom.
  5003 | D:7      | Found a flagged portal.
  5027 | Bailey   | Entered a bailey
  5138 | Bailey   | Slain by an orc warrior

Vault maps used:
D:1:      dpeg_arrival_short_road
D:2:      first_bread
D:3:      old_standard_altar, serial_co_window_serial,
          co_window_of_opportunity_a, co_window_corner_a, co_window_corner_a,
          co_window_paths_b, co_window_paths_a, co_window_broadway_b,
          co_window_2corner, co_window_unsneaky_path_b, co_window_corner_ca,
          co_window_4corner_a, co_window_sun, hangedman_feature_mirror
D:4:      fedhas_bush_and_centaur_altar, nicolae_overflow_hidden_temple,
          minmay_temple_entry_glassed_door, minmay_fountain_box
D:5:      kennysheep_mini_moat, serial_shops, shop_fountains
D:6:      serial_bayou_ford_a
D:7:      tgw_xom, enter_ossuary_4, enter_bailey_3, grunt_livestock,
          uniq_menkaure
Temple:   nicolae_temple_great_sept
Bailey:   bailey_polearm_2, bailey

Action                   |  1- 3 |  4- 6 |  7- 9 || total
-------------------------+-------+-------+-------++-------
Melee: Unarmed           |   144 |   132 |   221 ||   497
 Cast: Beastly Appendage |     9 |     4 |    21 ||    34
  Use: Potion            |       |       |     9 ||     9
       Scroll            |       |       |     1 ||     1
 Stab: Sleeping          |     2 |     1 |     1 ||     4
  Eat: Bread ration      |     2 |       |     2 ||     4
       Meat ration       |     1 |     1 |       ||     2
       Chunk             |       |     3 |    10 ||    13
       Royal jelly       |       |     2 |       ||     2
       Beef jerky        |       |     1 |       ||     1
